 Dungeon Crawl Stone Soup version 0.28-a0-726-g4a9143789a (webtiles) character file.

Game seed: 17379666125728243017

85 rogsnak the Magician (level 4, -3/24 HPs)
             Began as a Deep Elf Air Elementalist on Oct 28, 2021.
             Killed by divine providence
             ... invoked by an orc priest
              (15 damage)
             ... on level 3 of the Dungeon.
             The game lasted 00:04:46 (2247 turns).

rogsnak the Magician (Deep Elf Air Elementalist)    Turns: 2247, Time: 00:04:47

Health: -3/24      AC:  3    Str:  5    XL:     4   Next: 25%
Magic:  4/11       EV: 13    Int: 21    God:
Gold:   124        SH:  0    Dex: 15    Spells: 6/10 levels left

rFire   . . .      SeeInvis .   b - +0 spear
rCold   . . .      Faith    .   (no shield)
rNeg    . . .      Spirit   .   a - +0 robe
rPois   .          Reflect  .   (no helmet)
rElec   .          Harm     .   (no cloak)
rCorr   .          Rampage  .   d - +0 pair of gloves
Will    +....                   (no boots)
Stlth   ++........              (no amulet)
HPRegen 0.08/turn               i - ring of willpower
MPRegen 0.12/turn               (no ring)

@: no status effects
A: no striking features
a: no special abilities


You were on level 3 of the Dungeon.
You visited 1 branch of the dungeon, and saw 3 of its levels.

You collected 124 gold pieces.

Inventory:

Hand Weapons
 b - a +0 spear (weapon)
Armour
 a - a +0 robe (worn)
 d - a +0 pair of gloves (worn)
Magical Staves
 h - a staff of fire
Jewellery
 i - a ring of willpower (left hand)
Scrolls
 c - 2 scrolls of teleportation {unknown}
 e - a scroll of noise {unknown}
 g - a scroll of acquirement {unknown}
 j - a scroll of magic mapping {unknown}
Potions
 f - a potion of invisibility {unknown}
 k - a potion of flight {unknown}
 l - a potion of degeneration {unknown}


   Skills:
 + Level 2.9 Dodging
 + Level 2.8 Stealth
 + Level 3.8 Spellcasting
 * Level 2.4 Conjurations
 + Level 3.8 Air Magic


You had 6 spell levels left.
You knew the following spells:

 Your Spells              Type           Power      Damage    Failure   Level
a - Shock                 Conj/Air       68%        1d7       3%          1
b - Swiftness             Air            20%        N/A       8%          3

Your spell library contained the following spells:

 Spells                   Type           Power      Damage    Failure   Level
 Static Discharge         Conj/Air       17%        N/A       4%          2
 Airstrike                Air            10%        N/A       26%         4


Dungeon Overview and Level Annotations

Branches:
Dungeon (3/15)

Altars:
Dithmenos

Shops:
D:1 =*   D:2 :


Message History

Casting: Shock (safe; 3% risk of failure)
Confirm with . or Enter, or press ? or * to list all spells.
Aiming: Shock (safe; 3% risk of failure)
Press: ? - help, Shift-Dir - straight line, f - orc priest
Aim: an orc priest, wielding a +0 whip and wearing a +0 chain mail (wandering, hasn't noticed you, 79% to hit)
The zap hits the orc priest but does no damage.
The orc priest shouts!
Casting: Shock (safe; 3% risk of failure)
Confirm with . or Enter, or press ? or * to list all spells.
Aiming: Shock (safe; 3% risk of failure)
Press: ? - help, Shift-Dir - straight line, f/p - orc priest
Aim: an orc priest, wielding a +0 whip and wearing a +0 chain mail (79% to hit)
The zap hits the orc priest but does no damage.
Casting: Shock (safe; 3% risk of failure)
Confirm with . or Enter, or press ? or * to list all spells.
Aiming: Shock (safe; 3% risk of failure)
Press: ? - help, Shift-Dir - straight line, f/p - orc priest
Aim: an orc priest, wielding a +0 whip and wearing a +0 chain mail (79% to hit)
The zap hits the orc priest.
The orc priest is lightly wounded.
The orc priest invokes the aid of Beogh against you.
Beogh smites you!
Ouch! That really hurt!
Casting: Shock (safe; 3% risk of failure)
Confirm with . or Enter, or press ? or * to list all spells.
Aiming: Shock (safe; 3% risk of failure)
Press: ? - help, Shift-Dir - straight line, f/p - orc priest
Aim: an orc priest, wielding a +0 whip and wearing a +0 chain mail (lightly wounded, 79% to hit)
The zap hits the orc priest.
The orc priest is lightly wounded.
Casting: Shock (safe; 3% risk of failure)
Confirm with . or Enter, or press ? or * to list all spells.
Aiming: Shock (safe; 3% risk of failure)
Press: ? - help, Shift-Dir - straight line, f/p - orc priest
Aim: an orc priest, wielding a +0 whip and wearing a +0 chain mail (lightly wounded, 79% to hit)
The zap misses the orc priest.
The orc priest invokes the aid of Beogh against you.
Beogh smites you!
Ouch! That really hurt!
You die...

>. ...... .. .. .(...
... ##.###.#.##...
#.............
#........)....
#........o)...
#.............
#.....@....... .#
#......#.###.##... .
#......#.# #.##... .#
#......#.# #.##..####.#
#.....<#.# #.. ........
##†..).)#.# #.# ........
#....#....###.###.......
#.(..#...)#............#
#....#...........>.....#


You could see an orc priest.

Vanquished Creatures
  3 adders (D:2)
  2 dart slugs (D:2)
  7 orcs
  A ball python (D:1)
  8 bats
  2 endoplasms
  A giant cockroach (D:2)
  3 goblins (D:2)
  2 hobgoblins
  5 jackals
  A kobold (D:1)
  4 quokkas
  5 rats
44 creatures vanquished.

Notes
Turn   | Place    | Note
-------+----------+-------------------------------------------
     0 | D:1      | rogsnak the Deep Elf Air Elementalist began the quest for
                  | the Orb.
     0 | D:1      | Reached XP level 1. HP: 10/10 MP: 6/6
   218 | D:1      | Found Curuz's Assorted Antiques.
   272 | D:1      | Reached XP level 2. HP: 15/15 MP: 6/8
   520 | D:1      | You fall into a shaft and drop 1 floor!
   787 | D:1      | Found Wesafril's Jewellery Boutique.
   927 | D:1      | Reached XP level 3. HP: 17/19 MP: 2/9
  1052 | D:1      | Learned a level 3 spell: Swiftness
  1662 | D:2      | Found a shadowy altar of Dithmenos.
  1812 | D:2      | Found Zered's Book Shoppe.
  2040 | D:2      | Found a faded altar of an unknown god.
  2072 | D:3      | Reached XP level 4. HP: 24/24 MP: 9/11
  2247 | D:3      | Killed from afar by an orc priest

Illustrated notes

Levels and vault maps discovered:
D:1:      amcnicky_arrival_abandoned_market, layout_loops_ring, serial_shops,
          shop, shop
D:2:      layout_loops_ring, basic_altar, serial_shops, shop,
          shapermc_ecumenical_altar_hornbeckon, minmay_crystal_room
D:3:      layout_basic, mainiacjoe_overflow_boulevard, serial_shops,
          nicolae_shop_crystal, cheibrodos_sewer_entry_sluice, roderic_lattice_a

Skill      XL: |  1  2  3 |
---------------+----------+-----
Conjurations   | 2 |  2.4
Dodging        | |  2.9
Stealth        | |  2.8
Spellcasting   | |  3.8
Air Magic      | |  3.8

Action                   |  1- 3 |  4- 6 || total
-------------------------+-------+-------++-------
Melee: Spear             |     6 |       ||     6
 Cast: Shock             |    72 |    21 ||    93
 Stab: Sleeping          |     1 |       ||     1
Armor: Robe              |     3 |       ||     3
Dodge: Dodged            |    15 |     1 ||    16

Table legend: (Time is in decaauts)
 A = Elapsed time spent in this place.
 B = Non-inter-level travel time spent in this place.
 C = Inter-level travel time spent in this place.
 D = Time resting spent in this place.
 E = Time spent auto-exploring this place.
 F = Levels seen in this place.
 G = Mean time per level.
                   A        B        C        D        E       F      G
               +--------+--------+--------+--------+--------+-----+--------+
         Total |   2254 |   2197 |     57 |    384 |   1448 |   3 |  751.3 |
       Dungeon |   2254 |   2197 |     57 |    384 |   1448 |   3 |  751.3 |
               +--------+--------+--------+--------+--------+-----+--------+

Top non-repeatable levels by time:
     D:2: 1122 daAuts
     D:1: 955 daAuts
     D:3: 176 daAuts
